 Dungeon Crawl Stone Soup version 0.30-a0-358-g0d69a1922f (webtiles) character file.

Game seed: 5119520714442298372

10225 zero the Geomancer (level 11, -16/69 HPs)
             Began as a Gargoyle Earth Elementalist on Nov 8, 2022.
             Was an Elder of Vehumet.
             Killed from afar by an oklob plant (33 damage)
             ... with a splash of acid
             ... on level 1 of the Lair of Beasts.
             The game lasted 00:13:33 (9500 turns).

zero the Geomancer (Gargoyle Earth Elementalist)    Turns: 9500, Time: 00:13:33

Health: -16/69     AC: 15    Str: 12    XL:     11   Next: 58%
Magic:  30/30      EV: 10    Int: 20    God:    Vehumet [****..]
Gold:   1663       SH: 10    Dex: 10    Spells: 15/23 levels left

rFire   . . .      SeeInvis .    a - +1 demon whip (freeze)
rCold   . . .      Faith    .    G - +3 kite shield
rNeg    + . .      Spirit   .    z - +2 robe {Archmagi}
rPois   ∞          Reflect  .    (no helmet)
rElec   +          Harm     .    s - +2 cloak
rCorr   .          Rampage  .    D - +2 pair of gloves
Will    .....      Archmagi +    (no boots)
Stlth   ++........               o - amulet of magic regeneration
HPRegen 0.31/turn                j - +4 ring of protection
MPRegen 0.62/turn                C - ring of magical power

@: corroded
A: sickness immunity, AC +8, negative energy resistance 1, electricity
resistance, torment resistance 1, petrification resistance
a: Renounce Religion


You were on level 1 of the Lair of Beasts.
You worshipped Vehumet.
Vehumet was greatly pleased with you.
You visited 3 branches of the dungeon, and saw 11 of its levels.

You collected 1831 gold pieces.
You spent 168 gold pieces at shops.

Inventory:

Hand Weapons
 a - a +1 demon whip of freezing (weapon)
 c - a +4 dagger
 n - a +0 rapier
 u - a +1 whip of flaming
 x - a -1 demon whip of venom
Missiles
 h - 5 boomerangs of dispersal
 A - 11 curare-tipped darts
 F - 2 throwing nets
Armour
 s - a +2 cloak (worn)
 w - the +1 leather armour "Esaoga" {Rampage rCorr Dex+3 Slay+3}
   (You bought it in a shop on level 4 of the Dungeon)

   Dex:       It affects your dexterity (+3).
   Slay:      It affects your accuracy & damage with ranged weapons and melee
   (+3).
   rCorr:     It protects you from acid and corrosion.
   Rampage:   It bestows one free step when moving towards enemies.
 z - a +2 robe of the Archmagi (worn)
 D - a +2 pair of gloves (worn)
 G - a +3 kite shield (worn)
Jewellery
 j - a +4 ring of protection (left hand)
 o - an amulet of magic regeneration (around neck)
 B - a ring of protection from fire
 C - a ring of magical power (right hand)
 M - a +4 ring of slaying
Wands
 e - a wand of flame (31)
 g - a wand of quicksilver (8)
 m - a wand of charming (15)
 E - a wand of roots (11)
Scrolls
 d - 3 scrolls of summoning
 f - a scroll of amnesia
 k - a scroll of magic mapping
 r - a scroll of immolation
 t - 2 scrolls of fear
 v - 3 scrolls of teleportation
Potions
 b - 2 potions of magic
 i - 7 potions of curing
 l - 4 potions of heal wounds
 p - 2 potions of cancellation
 q - a potion of mutation
 H - a potion of haste
 I - a potion of berserk rage {unknown}
 L - a potion of brilliance {unknown}


   Skills:
 + Level 8.8 Fighting
 + Level 6.1 Armour
 + Level 2.7 Dodging
 - Level 3.0 Stealth
 + Level 2.3 Shields
 + Level 6.7 Spellcasting
 + Level 8.8 Conjurations
 - Level 1.0 Transmutations
 * Level 3.0 Fire Magic
 + Level 10.7 Earth Magic
 + Level 2.6 Evocations


You had 15 spell levels left.
You knew the following spells:

 Your Spells              Type           Power      Damage    Failure   Level
a - Sandblast             Erth           100%       2d20      1%          1
b - Stone Arrow           Conj/Erth      100%       3d13      1%          3
c - Sticky Flame          Conj/Fire      45%        2d6       7%          4

Your spell library contained the following spells:

 Spells                   Type           Power      Damage    Failure   Level
 Passwall                 Tmut/Erth      37%        N/A       4%          2
 Hailstorm                Conj/Ice       36%        3d9       4%          3
 Petrify                  Tmut/Erth      45%        N/A       28%         4
 Wereblood                Tmut           16%        N/A       30%         2
 Portal Projectile        Hex/Tloc       20%        N/A       67%         3
 Tukima's Dance           Hex            10%        N/A       67%         3
 Ice Form                 Ice/Tmut       13%        N/A       94%         4
 Blade Hands              Tmut           8%         N/A       99%         5
 Simulacrum               Ice/Necr       5%         N/A       100%        6
 Summon Hydra             Summ           5%         N/A       100%        7
 Sublimation of Blood     Necr           Unusable   N/A       N/A         2

Dungeon Overview and Level Annotations

Branches:
Dungeon (9/15)             Temple (1/1) D:4            Lair (1/5) D:8
    Orc: D:9-12

Altars:
Ashenzari
Cheibriados
Elyvilon
Gozag
Hepliaklqana
Kikubaaqudgha
Makhleb
Nemelex Xobeh
Okawaru
Qazlal
Ru
Sif Muna
Trog
Uskayaw
Vehumet
Wu Jian
Xom
Yredelemnul
Zin
The Shining One

Shops:
D:4 [

Annotations:
D:3 3 runed translucent doors, exclusion: downstairs, DEFE's ghost, amateur DEHs; Lanoc's ghost, amateur DsNe; wzrd's ghost, weakling GrEE
Lair:1 exclusion: oklob plant


Innate Abilities, Weirdness & Mutations

You are immune to sickness and miasma.
Your stone body is resilient. (AC +8)
You are immune to poison.
You resist negative energy. (rN+)
You are resistant to electric shocks. (rElec)
You are resistant to unholy torment.
You are immune to petrification.


Message History

As you read the scroll of enchant armour, it crumbles to dust.
Your +1 kite shield glows green for a moment.
As you read the scroll of enchant armour, it crumbles to dust.
Your +2 kite shield glows green for a moment.
You feel your willpower return.
As you read the scroll of identify, it crumbles to dust.
H - a potion of haste
Okay, then.
Okay, then.
No target in view!
You see here a komodo dragon corpse.
An oklob plant comes into view.
Found 12 gold pieces.
Marking area around an oklob plant as unsafe for travelling.
A komodo dragon comes into view.
Found a ring of protection from fire.
The komodo dragon moves out of view.
Casting: Sandblast (safe; 1% risk of failure)
Confirm with . or Enter, or press ? or * to list all spells.
Aiming: Stone Arrow (safe; 1% risk of failure)
Press: ? - help, Shift-Dir - straight line, f - oklob plant
Aim: an oklob plant (100% to hit)
Okay, then.
Something bites the bush!!
Casting: Stone Arrow (safe; 1% risk of failure)
Confirm with . or Enter, or press ? or * to list all spells.
Aiming: Stone Arrow (safe; 1% risk of failure)
Press: ? - help, Shift-Dir - straight line, f - oklob plant
Aim: an oklob plant (100% to hit)
Okay, then.
The oklob plant spits acid at you. The splash of acid hits you!!
Something bites the bush.
The oklob plant spits acid at you. The splash of acid hits you!
The acid corrodes you! The oklob plant spits acid at you.
The splash of acid hits you!
* * * LOW HITPOINT WARNING * * *
The acid corrodes you! The oklob plant spits acid at you.
The splash of acid hits you!!
You die...

...............†..# #
.###..............## # .#
..............P# # ~~
##########P#..## ..###
~~~ ###...#######.
....... ~~~~
#...................
.~~.~
#...P####.##...#####
.~.~~~ ## #...## #..#
###.##.@.# #..#
.........# #..# ####
##.......## #..###...
#........P### #...##.>.
P...).......# #....#...
#..PPP....P..# #..##....
#..PPP$..##.#####...#....
#..PPPl... .###....##....
## =...... ..#...'....##


You could see an oklob plant and a komodo dragon.

Vanquished Creatures
  Erica (D:8)
  A boulder beetle (D:8)
  Amaemon (D:8)
  Pikel (D:4)
  3 cane toads (Lair:1)
  A rime drake (D:8)
  A komodo dragon (Lair:1)
  An orange demon (D:8)
  A troll (D:8)
  A polar bear (Lair:1)
  A hornet (D:7)
  Sigmund (D:5)
  A basilisk (Lair:1)
  3 yaks (Lair:1)
  Grum (D:8)
  Menkaure (D:7)
  5 water moccasins
  3 orc warriors
  3 ice beasts
  13 wolves
  2 centaurs
  3 phantoms
  A kobold brigand (D:8)
  3 gnoll sergeants
  5 bullfrogs
  A scorpion (D:5)
  2 wights (D:7)
  6 killer bees
  An electric eel (D:8)
  A howler monkey (D:5)
  4 jellies
  2 gnoll boudas (D:6)
  An orc priest (D:7)
  5 hounds
  An iguana (D:4)
  Natasha (thrice) (D:2)
  5 orc wizards
  7 hell rats (D:8)
  7 adders
  22 gnolls
  A shadow imp (D:6)
  3 white imps
  2 ufetubi (D:5)
  2 worms
  9 dart slugs
  21 orcs
  3 bats
  8 endoplasms
  2 giant cockroaches
  12 goblins
  8 hobgoblins
  2 jackals (D:4)
  13 kobolds
  3 quokkas
  4 ball pythons
  4 frilled lizards
  2 rats
225 creatures vanquished.

Vanquished Creatures (others)
  2 fungi (Lair:1)
  A plant (Lair:1)
3 creatures vanquished.

Grand Total: 228 creatures vanquished

Notes
Turn   | Place    | Note
-------+----------+-------------------------------------------
     0 | D:1      | zero the Gargoyle Earth Elementalist began the quest for
                  | the Orb.
     0 | D:1      | Reached XP level 1. HP: 10/10 MP: 3/3
   110 | D:1      | Reached XP level 2. HP: 15/15 MP: 0/5
   562 | D:1      | Reached XP level 3. HP: 19/19 MP: 4/7
  1506 | D:2      | Found a shimmering altar of Xom.
  1551 | D:2      | Noticed Natasha
  1554 | D:2      | Killed Natasha
  1555 | D:2      | Reached XP level 4. HP: 24/24 MP: 6/10
  1559 | D:2      | Learned a level 3 spell: Stone Arrow
  1563 | D:2      | Noticed Natasha
  1568 | D:2      | Killed Natasha
  1569 | D:2      | Reached skill level 1 in Conjurations
  1569 | D:2      | Reached skill level 4 in Earth Magic
  1589 | D:2      | Noticed Natasha
  1595 | D:2      | Killed Natasha
  1596 | D:2      | Reached XP level 5. HP: 22/28 MP: 3/11
  2065 | D:3      | Found a sparkling altar of Nemelex Xobeh.
  2067 | D:3      | Found a broken altar of Ashenzari.
  2070 | D:3      | Found a basalt altar of Yredelemnul.
  2071 | D:3      | Found an ornate altar of the Wu Jian Council.
  2071 | D:3      | Found a glowing golden altar of the Shining One.
  2071 | D:3      | Found a snail-covered altar of Cheibriados.
  2075 | D:3      | Found a shimmering altar of Xom.
  2273 | D:3      | Found a runed translucent gate.
  2293 | D:3      | Found a runed translucent gate.
  2293 | D:3      | Found a runed translucent gate.
  2490 | D:3      | Noticed wzrd's ghost (weakling GrEE)
  2491 | D:3      | Noticed DEFE's ghost (amateur DEHs)
  2491 | D:3      | Noticed Lanoc's ghost (amateur DsNe)
  2513 | D:4      | Noticed a lemure
  2513 | D:4      | Noticed a lemure
  2513 | D:4      | Noticed a lemure
  2589 | D:4      | Reached skill level 1 in Fighting
  2719 | D:4      | Found a staircase to the Ecumenical Temple.
  2844 | D:4      | Noticed Pikel
  2846 | D:4      | Noticed a lemure
  2853 | D:4      | Killed Pikel
  2854 | D:4      | Reached skill level 6 in Earth Magic
  2854 | D:4      | Reached XP level 6. HP: 21/37 MP: 0/12
  2854 | D:4      | Reached XP level 7. HP: 23/41 MP: 0/13
  2944 | D:4      | Found Weklagh's Antique Armour Emporium.
  2974 | Temple   | Entered the Ecumenical Temple
  3177 | D:4      | Bought a heavily runed leather armour for 168 gold pieces
  3177 | D:4      | Identified the +1 leather armour "Esaoga" {Rampage rCorr
                  | Dex+3 Slay+3} (You bought it in a shop on level 4 of the
                  | Dungeon)
  3320 | D:4      | Found an iron altar of Okawaru.
  3359 | D:4      | Found a radiant altar of Vehumet.
  3364 | D:4      | Became a worshipper of Vehumet
  3789 | D:5      | Entered Level 5 of the Dungeon
  3996 | D:5      | Reached skill level 1 in Armour
  4158 | D:5      | Noticed Sigmund
  4223 | D:5      | Reached XP level 8. HP: 42/48 MP: 10/14
  4226 | D:5      | Reached skill level 7 in Earth Magic
  4596 | D:5      | Killed Sigmund
  4597 | D:5      | Reached skill level 8 in Earth Magic
  4986 | D:6      | Reached * piety under Vehumet
  4986 | D:6      | Offered knowledge of Magic Dart by Vehumet.
  5170 | D:6      | Found a white marble altar of Elyvilon.
  5196 | D:6      | Identified the +9 plate armour of Luogaips {rF- Will+ Str-4
                  | Dex+9}
  5591 | D:6      | Identified a scroll of acquirement
  5591 | D:6      | Acquired 1162 gold pieces
  5919 | D:7      | Reached XP level 9. HP: 53/53 MP: 16/16
  5958 | D:7      | Reached skill level 5 in Fighting
  5958 | D:7      | Reached skill level 5 in Conjurations
  6024 | D:7      | Reached skill level 5 in Spellcasting
  6024 | D:7      | Reached skill level 9 in Earth Magic
  6027 | D:7      | Identified the +2 short sword "Bocvelir" {spect, rElec MP+9
                  | Str+3}
  6101 | D:7      | Reached ** piety under Vehumet
  6103 | D:7      | Offered knowledge of Momentum Strike by Vehumet.
  6175 | D:7      | Reached skill level 10 in Earth Magic
  6199 | D:7      | Noticed a hornet
  6202 | D:7      | Noticed Menkaure
  6205 | D:7      | Killed a hornet
  6208 | D:7      | Killed Menkaure
  6749 | D:8      | Reached skill level 5 in Armour
  6764 | D:8      | Found a staircase to the Lair.
  6767 | D:8      | Reached XP level 10. HP: 52/60 MP: 18/18
  6961 | D:8      | Noticed Grum
  6965 | D:8      | Offered knowledge of Inner Flame by Vehumet.
  6984 | D:8      | Killed Grum
  7180 | D:8      | Noticed Erica
  7185 | D:8      | Killed Erica
  7559 | D:8      | Reached *** piety under Vehumet
  7770 | D:8      | Noticed an orange demon
  7774 | D:8      | Killed an orange demon
  7775 | D:8      | Noticed Amaemon
  7785 | D:8      | Killed Amaemon
  7786 | D:8      | Reached skill level 1 in Evocations
  8327 | D:9      | Offered knowledge of Sticky Flame by Vehumet.
  8328 | D:9      | Reached XP level 11. HP: 69/69 MP: 20/20
  8333 | D:9      | Learned a level 4 spell: Sticky Flame
  8507 | Lair:1   | Entered Level 1 of the Lair of Beasts
  8510 | Lair:1   | Noticed a boulder beetle
  8516 | D:8      | Reached skill level 1 in Transmutations
  8639 | D:8      | Reached skill level 1 in Shields
  8641 | D:8      | Reached skill level 1 in Fire Magic
  8721 | D:8      | Killed a boulder beetle
  9061 | Lair:1   | Reached **** piety under Vehumet
  9491 | Lair:1   | Noticed an oklob plant
  9500 | Lair:1   | Killed from afar by an oklob plant

Illustrated notes

Levels and vault maps discovered:
D:1:      amcnicky_arrival_underground_garden, layout_basic
D:2:      layout_basic, basic_altar, uniq_natasha
D:3:      layout_basic, minitemple, gammafunk_ghost_cemetery, serial_curves,
          eino_curves_02, eino_curves_03, nicolae_underground_beach
D:4:      wad_crossroads, layout_basic, mainiacjoe_overflow_two_lobes,
          minmay_temple_entry_enclosed_plants, serial_shops, shop, uniq_pikel
D:5:      layout_basic, uniq_sigmund
D:6:      layout_loops_ring, mainiacjoe_overflow_concentric_impassable
D:7:      layout_basic, serial_aquarium, aquarium_bridge_square
          [aquarium_subvault_wall, aquarium_subvault_window,
          aquarium_subvault_wall, aquarium_subvault_bridge],
          aquarium_window_fake, aquarium_window_fake, aquarium_view_2e,
          minmay_diced_spiral, uniq_menkaure
D:8:      layout_basic, erik_lair_island, uniq_grum, uniq_erica, uniq_amaemon
D:9:      layout_loops_ring, lemuel_doored_altar, uniq_maurice
Temple:   nicolae_temple_two_arcs
Lair:1:   layout_chaotic_city, minmay_lair_oklob_bushes,
          dreamdust_mushroom_princess,
          hellmonk_guarded_unrand_seven_league_boots, grunt_megastairs_4

Skill      XL: |  1  2  3  4  5  6  7  8  9 10 11 |
---------------+----------------------------------+-----
Spellcasting   | 3 4 5 6 |  6.7
Conjurations   | 1 4 6 8 |  8.8
Earth Magic    | 4 6 8 10 | 10.7
Fighting       | 3 4 6 8 |  8.8
Armour         | 2 3 5 6 |  6.1
Dodging        | 2 |  2.7
Evocations     | 1 2 |  2.6
Transmutations | 1 |  1.0
Shields        | 2 |  2.3
Fire Magic     | 3 |  3.0
Stealth        | 3 |  3.0

Action                   |  1- 3 |  4- 6 |  7- 9 | 10-12 || total
-------------------------+-------+-------+-------+-------++-------
Melee: Dagger            |     8 |     7 |       |       ||    15
       Whip              |       |       |    36 |    16 ||    52
       Punch             |       |       |     2 |       ||     2
       Demon whip        |       |       |       |    28 ||    28
 Cast: Sandblast         |    46 |    49 |   123 |   102 ||   320
       Stone Arrow       |       |     4 |    30 |    53 ||    87
       Sticky Flame      |       |       |       |     2 ||     2
  Use: Scroll            |       |       |    16 |     9 ||    25
 Stab: Sleeping          |     1 |       |       |       ||     1
Armor: Robe              |     4 |    12 |     1 |   115 ||   132
       Leather armour    |       |       |   160 |    14 ||   174
Dodge: Dodged            |    14 |    19 |   174 |   127 ||   334
Block: Kite shield       |       |       |       |    38 ||    38

Table legend: (Time is in decaauts)
 A = Elapsed time spent in this place.
 B = Non-inter-level travel time spent in this place.
 C = Inter-level travel time spent in this place.
 D = Time resting spent in this place.
 E = Time spent auto-exploring this place.
 F = Levels seen in this place.
 G = Mean time per level.
                   A        B        C        D        E       F      G
               +--------+--------+--------+--------+--------+-----+--------+
         Total |   9689 |   8987 |    702 |   1858 |   5654 |  11 |  880.8 |
       Dungeon |   8869 |   8178 |    691 |   1711 |   5136 |   9 |  985.4 |
        Temple |    120 |    110 |     10 |      0 |    104 |   1 |  120.0 |
          Lair |    699 |    699 |      0 |    147 |    414 |   1 |  699.0 |
               +--------+--------+--------+--------+--------+-----+--------+

Top non-repeatable levels by time:
     D:8: 1853 daAuts
     D:4: 1226 daAuts
     D:1: 1148 daAuts
     D:5: 1046 daAuts
     D:2: 936 daAuts
     D:6: 932 daAuts
     D:7: 907 daAuts
  Lair:1: 699 daAuts
     D:3: 598 daAuts
     D:9: 221 daAuts
  Temple: 120 daAuts
